 Dungeon Crawl Stone Soup version 0.25.1-11-g244df3a29b (webtiles) character file.

Game seed: 2366400020298391667

32 DeepDeath the Slasher (level 3, -2/29 HPs)
             Began as a Draconian Skald on Feb 1, 2024.
             Killed by divine providence
             ... invoked by an orc priest
              (11 damage)
             ... on level 2 of the Dungeon.
             The game lasted 00:04:13 (882 turns).

DeepDeath the Slasher (Draconian Skald)              Turns: 882, Time: 00:04:13

Health: -2/29      AC:  5    Str: 14    XL:     3   Next: 10%
Magic:  6/6        EV: 12    Int: 13    God:
Gold:   43         SH:  0    Dex: 10    Spells: 5/6 levels left

rFire    . . .     SeeInvis .   a - +1 falchion
rCold    . . .     Gourm    .   (no shield)
rNeg     . . .     Faith    .   (armour unavailable)
rPois    .         Spirit   .   (helmet restricted)
rElec    .         Reflect  .   (no cloak)
rCorr    .         Harm     .   (no gloves)
MR       .....                  (no boots)
Stlth    +.........             (no amulet)
HPRegen  0.09/turn              (no ring)
MPRegen  0.10/turn              (no ring)

@: no status effects
A: unfitting armour, cold-blooded, AC +5
a: no special abilities


You were on level 2 of the Dungeon.
You were not hungry.

You visited 1 branch of the dungeon, and saw 2 of its levels.

You collected 43 gold pieces.

Inventory:

Hand Weapons
 a - a +1 falchion (weapon)
Missiles
 b - 19 arrows
 e - 93 stones (quivered)
 f - 26 sling bullets
 j - 13 bolts
 k - 5 atropa-tipped darts
Scrolls
 h - 2 scrolls of enchant weapon
 i - a scroll of identify
Potions
 l - a potion of mutation
Comestibles
 c - 3 rations
 m - 3 chunks of flesh


   Skills:
 - Level 2.1 Fighting
 * Level 3.2 Long Blades
 - Level 2.1 Dodging
 - Level 2.0 Spellcasting
 + Level 3.1 Charms


You had 5 spell levels left.
You knew the following spells:

 Your Spells              Type           Power        Failure   Level  Hunger
i - Infusion              Chrm           #...         7%          1    ##.....

Your spell library contained the following spells:

 Spells                   Type           Power        Failure   Level  Hunger
 Song of Slaying          Chrm           #.......     11%         2    ###....
 Shroud of Golubria       Chrm/Tloc      #.....       21%         2    ###....
 Ozocubu's Armour         Chrm/Ice       #.......     38%         3    ####...
 Spectral Weapon          Hex/Chrm       #.......     38%         3    ####...


Dungeon Overview and Level Annotations

Branches:
Dungeon (2/15)

Altars:
Hepliaklqana

Annotations:
D:1 exclusion: gnoll


Innate Abilities, Weirdness & Mutations

Your plain brown scales are hard. (AC +5)
You cannot fit into any form of body armour.
You are cold-blooded and may be slowed by cold attacks.


Message History

The orc is too close now for your liking.
An orc is nearby!
An orc priest is nearby!
Unknown command.
The orc shouts!
You see here a goblin skeleton.
Unknown command.
Unknown command.
Unknown command.
Unknown command.
Unknown command.
Fire/throw which item? (* to show all) (? for menu, Esc to quit)
Throwing (i - inventory. (/) - cycle)
e - 93 stones (quivered)
Press: ? - help, Shift-Dir - straight line, f - orc priest
Aim: an orc priest (chance to blind on hit: 75%)
You throw an atropa-tipped dart.
The atropa-tipped dart barely misses the orc priest.
The orc priest mumbles some strange prayers to Beogh against you.
Beogh smites you!
You die...

### #.# ...
#.# # # #.#
#o...
#.###### o.#
#.####....o.#
....#
#.....####@#
####.#.....##
#รท# #.#####
#.# #.# #..
.o. .o.. ##
...# .# ...##


You could see an orc priest and 2 orcs.

Vanquished Creatures
  An ooze (D:1)
  A leopard gecko (D:1)
  3 bats (D:1)
  5 giant cockroaches (D:1)
  5 goblins
  2 hobgoblins (D:1)
  2 kobolds (D:1)
  A frilled lizard (D:1)
  3 rats (D:1)
23 creatures vanquished.

Notes
Turn   | Place    | Note
-------+----------+-------------------------------------------
     0 | D:1      | DeepDeath the Draconian Skald began the quest for the Orb.
     0 | D:1      | Reached XP level 1. HP: 17/17 MP: 3/3
   192 | D:1      | Reached XP level 2. HP: 23/24 MP: 5/5
   539 | D:1      | Reached XP level 3. HP: 29/29 MP: 6/6
   799 | D:2      | Found a hazy altar of Hepliaklqana.
   882 | D:2      | Killed from afar by an orc priest

Illustrated notes

Levels and vault maps discovered:
D:1:      minmay_arrival_hallway, layout_basic
D:2:      layout_loops_cross, nicolae_overflow_crystal_walls,
          eat_drink_and_be_merry_uskayaw

Skill      XL: |  1  2 |
---------------+-------+-----
Charms         | 3 |  3.1
Long Blades    | 3 |  3.2
Fighting       | |  2.1
Dodging        | |  2.1
Spellcasting   | |  2.0

Action                   || total
-------------------------++-------
Melee: Falchion          ||    47
       Tailslap          ||     6
Throw: Stone             ||     2
       Dart              ||     1
 Cast: Infusion          ||     6
  Use: Scroll            ||     5
Armor: Skin              ||     9
Dodge: Dodged            ||    32
       Rpst.: Falchion   ||    12
